Unix NetHack Version 5.0.0-0 post-release - last build Jun 10 2026 00:39:30 (3ee93aec679c4c4259841fe613dc97188e26a321,branch:main).

Game began 2026-06-16 17:50:11, ended 2026-06-16 19:57:49.

Eymerich, chaotic male elven Priest

                      ---------------------------------
                  ####-...............................|
       ---------- #   |...-----------.---------------.|                  -----
       |........|     |...|.(((|....-.-.(((|...|?!..|.|                  |...|
       |........-#####|...|.(((|....|.|.(((|...|%.@m|.|              #[##....|
       |........|    #|...-.(((|....|.|.(((|...|[.d.@..#             #   |...|
       |........|    #|...|----------.-------|-------.|#            ##   |...|
       --|----|--    #|...|%%%|....|....{.............|#            # #%#..^.|
         #    #####0##|...|%%%|._..|.............----.|#            ###  |...|
         #           #|...|%%%|....|.............|..|.|#          ####   -----
         #           #|...|...|....|{............|..|.|#          ##
         #           #|...--|--|----.............--|-.|#          ##
         #           #|...............................|###  #######
         #           #|...-----|-|-----....-----|----.|  #  #     #
         #           #|...-..|..|..|..-....-..|..|..-.|  #  #-----#
 --------|-          #|...|..|..|..|..|....|..|..|..|.|  ####|...|#
 |........|          #-------------------------....----#### #.<..|#
 |......>..################################################  |....#
 ----------                                       #          -----

Eymerich the Adept           St:14 Dx:12 Co:13 In:10 Wi:20 Ch:10  Chaotic
Dlvl:7  $:132 HP:0(42) Pw:22(104) AC:6  Xp:7 T:5886 

Latest messages:
 There is a fire ant corpse here; eat it? [ynq] (n)
 Blecch!  Rotten food!
 You feel rather light headed.
 You feel less confused now.
 What do you want to put on? [nzW or ?*]
 You are now wearing a blindfold.
 You can't see any more.
 You were wearing a blindfold.
 You can see again.
 You swap places with Puffa.
 You swap places with Puffa.
 You hear an animal carcass being offered in sacrifice.
 You hear some noises in the distance.
 What do you want to use or apply? [ilzA-FKPQY or ?*]
 You put a green gem named soft into the bag of holding.
 What do you want to use or apply? [ilzA-FKPQY or ?*]
 You put a pick-axe into the bag of holding.
 "Hello, Eymerich!  Welcome again to Abitibi's general store!"
 You see here 11 rocks (for sale, 77 zorkmids).
 That strange object is a small mimic!
 You begin bashing monsters with your bow.
 You hit the small mimic.
 You hit the small mimic.
 You hit the small mimic.
 You hit the small mimic.
 You hit the small mimic.
 You hit the small mimic.
 The small mimic hits!
 You hit the small mimic.
 You hit the small mimic.
 You hit the small mimic.
 You hit the small mimic.
 The small mimic hits!
 You hit the small mimic.
 You hit the small mimic.
 The small mimic hits!
 You hit the small mimic.
 You hit the small mimic.
 The small mimic hits!
 You miss the small mimic.
 You miss the small mimic.
 The small mimic hits!
 You hit the small mimic.
 You hit the small mimic.
 You miss the small mimic.
 You miss the small mimic.
 The small mimic hits!
 You die...
 Abitibi gratefully inherits all your possessions.
 Do you want to see what you had when you died? [ynq] (y)

Inventory:
 Coins    ('$')
  $ - 132 gold pieces
 Weapons  (')')
  h - 8 blessed +1 arrows
  r - 11 blessed +0 arrows
  t - 29 +0 arrows (in quiver)
  U - 6 +0 elven arrows
  s - a +0 bow (weapon in right hand)
  u - 9 blessed +1 darts
  V - 44 +0 darts
  S - 4 blessed +0 daggers
  j - a +0 dagger
  T - 2 +0 elven daggers
  N - 3 +0 orcish daggers
  a - a blessed +1 mace (alternate weapon; not wielded)
 Armor    ('[')
  I - a +0 helm of brilliance (being worn)
  J - a +0 pair of speed boots (being worn)
  L - a blessed +0 dwarvish cloak
  b - a +0 robe (being worn)
 Comestibles  ('%')
  O - a food ration
  f - a sprig of wolfsbane
 Scrolls  ('?')
  p - a scroll of amnesia
  X - a scroll of destroy armor
 Potions  ('!')
  v - a potion of healing
  y - a cursed potion of object detection
 Rings    ('=')
  W - a blessed +2 ring of gain strength
  n - a ring of polymorph control
 Wands    ('/')
  K - a wand of cold (0:6)
  l - a wand of digging (0:6)
  Y - a wand of fire (0:6)
  B - a wand of light (0:14)
  Q - a wand of sleep (0:6)
 Tools    ('(')
  P - a blessed bag of holding containing 13 items
  z - a blindfold
  i - a magic marker (0:19)
  C - a magic whistle
  D - a skeleton key
  A - a tin whistle
  F - a blessed partly used wax candle
 Gems/Stones  ('*')
  m - an emerald named hard
  o - a topaz stone named hard
  M - a worthless piece of green glass named soft
  w - a worthless piece of violet glass named soft
  Z - a worthless piece of white glass named soft

Contents of the bag of holding:
  1406 gold pieces
  an amulet of ESP
  a +0 flail
  3 bananas
  a clove of garlic
  a cream pie
  4 food rations
  3 potions of holy water
  2 potions of water
  a magic marker (0:34)
  a +0 pick-axe
  a turquoise stone named soft
  a worthless piece of green glass named soft

Eymerich the Priest's attributes:

Background:
 You were an Adept, a level 7 elven Priest.
 You were chaotic, on a mission for Set
 who was opposed by Mitra (lawful) and Crom (neutral).
 You were right-handed.
 You were in the Gnomish Mines, on level 7.
 You entered the dungeon 5886 turns ago.
 There was a new moon in effect when your adventure ended.
 You had 913 experience points, 367 more were needed to attain level 8.

Basics:
 You had 0 out of 42 hit points.
 You had 22 out of 104 energy points (spell power).
 Your armor class was 6.
 Your wallet contained 132 zorkmids, and
 you had 1406 more stashed away in your pack.
 Autopickup was off.

Final Characteristics:
 Your strength was 14 (limit:18).
 Your dexterity was 12 (limit:18).
 Your constitution was 13 (limit:16).
 Your intelligence was 10 (limit:20).
 Your wisdom was 20 (limit:20).
 Your charisma was 10 (limit:18).

Final Status:
 You weren't hungry.
 You were unencumbered.
 You were wielding a bow.
 You had basic skill with bow.

Final Attributes:
 You were piously aligned.
 You were sleep resistant.
 You were poison resistant.
 You were telepathic.
 You had infravision.
 You were guarded.
 Your spell casting was enhanced by wearing a robe.
 You were very fast.
 You are dead.

Miscellaneous:
 You didn't encounter any bones levels.
 Total elapsed playing time was 2 hours, 7 minutes and 35 seconds.

Major events:
 Turn
    1: Eymerich the chaotic elven Priest entered the dungeon
  854: attained the rank of Acolyte (level 3)
 2982: entered the Gnomish Mines
 4278: attained the rank of Adept (level 6)
 4436: reached Mine Town
 5886: killed by a small mimic

Spells:
 Name                 Level Category     Fail Retention
 detect monsters        1   divination     0%   51%-75%
 detect food            2   divination     0%   51%-75%
 drain life             2   attack         0%  76%-100%
 chain lightning        2   attack         0%  76%-100%

Skills:
 Fighting Skills
   bare handed combat [Unskilled]
 Weapon Skills
   club               [Unskilled]
   mace               [Skilled]
   morning star       [Unskilled]
   flail              [Unskilled]
   hammer             [Unskilled]
   quarterstaff       [Unskilled]
   polearms           [Unskilled]
   spear              [Unskilled]
   trident            [Unskilled]
   lance              [Unskilled]
   bow                [Basic]
   sling              [Unskilled]
   crossbow           [Unskilled]
   dart               [Unskilled]
   shuriken           [Unskilled]
   boomerang          [Unskilled]
   unicorn horn       [Unskilled]
 Spellcasting Skills
   healing spells     [Unskilled]
   divination spells  [Unskilled]
   clerical spells    [Basic]

Voluntary challenges:
 Character rerolling was not enabled.
 You never genocided any monsters.
 You never polymorphed an object.
 You never changed form.
 You used no wishes.
Achievements:
 You entered a shop.
 You attained the rank of Acolyte.
 You entered the Gnomish Mines.
 You attained the rank of Adept.
 You entered Minetown.
 You entered a temple.

 The Dungeons of Doom: levels 1 to 5
    Level 1:
       A grave.
    Level 2: "vault (done)"
       A general store, some fountains.
    Level 3:
       A tool shop, a fountain.
    Level 4: "box 15 items"
       An altar.
       Stairs down to The Gnomish Mines.
    Level 5:
 The Gnomish Mines: levels 5 to 7
    Level 5:
    Level 6:
    Level 7: <- You were here.
       Many shops, a temple and an altar to Set, some fountains.
       Final resting place for
          you, killed by a small mimic.


Vanquished creatures:
  a leprechaun
 an iron piercer
  a gnome ruler
  a dwarf leader
  a dust vortex
  2 fire ants
  2 water nymphs
  a rock piercer
  2 rock moles
  a fog cloud
  3 gnome leaders
  3 gnomish wizards
  a giant ant
  a little dog
  4 floating eyes
  5 dwarves
  a kobold leader
  5 rothes
  3 giant bats
  a dwarf zombie
  3 wererats
  2 iguanas
  3 acid blobs
  5 hobbits
  2 large kobolds
  2 hobgoblins
  2 giant rats
  6 cave spiders
  2 brown molds
  2 yellow molds
  2 red molds
 25 gnomes
 13 garter snakes
  a gecko
  8 jackals
  a fox
  5 kobolds
  4 goblins
  2 grid bugs
  3 bats
  7 lichens
  a kobold zombie
  9 newts
150 creatures vanquished.

No species were genocided or became extinct.

Game over:
                       ----------
                      /          \
                     /    REST    \
                    /      IN      \
                   /     PEACE      \
                  /                  \
                  |     Eymerich     |
                  |       0 Au       |
                  |   killed by a    |
                  |   small mimic    |
                  |                  |
                  |                  |
                  |       2026       |
                 *|     *  *  *      | *
        _________)/\\_//(\/(/\)/\//\/|_)_______

Goodbye Eymerich the Priest...

You died in The Gnomish Mines on dungeon level 7 with 3972 points,
and 0 pieces of gold, after 5886 moves.
You were level 7 with a maximum of 42 hit points when you died.

